 Dungeon Crawl Stone Soup version 0.28-a0-932-g843f935a50 (webtiles) character file.

Game seed: 5308122077691164535

1817 croobank the Poker (level 9, -2/58 HPs)
             Began as a Human Monk on Nov 28, 2021.
             Was a High Priest of Hepliaklqana.
             Slain by an ogre (24 damage)
             ... on level 6 of the Dungeon.
             The game lasted 00:53:41 (6483 turns).

croobank the Poker (Human Monk)                     Turns: 6483, Time: 00:53:41

Health: -2/58      AC:  8    Str: 14    XL:     9   Next: 32%
Magic:  10/10      EV:  7    Int: 12    God:    Hepliaklqana [*****.]
Gold:   141        SH:  0    Dex: 15    Spells: 6/10 levels left

rFire   . . .      SeeInvis +   a - +2 hand axe (freeze)
rCold   . . .      Faith    .   (no shield)
rNeg    . . .      Spirit   .   e - +0 chain mail
rPois   .          Reflect  .   (no helmet)
rElec   .          Harm     .   i - scarf {repulsion}
rCorr   .          Rampage  .   (no gloves)
Will    +....                   (no boots)
Stlth   ..........              B - amulet of the acrobat
HPRegen 0.19/turn               t - ring of willpower
MPRegen 0.12/turn               v - ring of see invisible

@: repel missiles
A: reduced essence
a: Renounce Religion, Recall Ancestor, Ancestor Identity, Transference, Idealise


You were on level 6 of the Dungeon.
You worshipped Hepliaklqana.
Hepliaklqana was extremely pleased with you.
You visited 1 branch of the dungeon, and saw 6 of its levels.

You collected 330 gold pieces.
You spent 189 gold pieces at shops.

Inventory:

Hand Weapons
 a - a +2 hand axe of freezing (weapon)
 b - a +0 hunting sling of flaming
 c - a +2 dagger of venom
 g - a +0 dagger of protection
 h - a +3 dagger
 k - a +4 quarterstaff of chaos
 m - a +2 vorpal mace
 r - a +2 antimagic falchion
 s - the +6 spear "Doodawk" {venom, rPois rF+ Dex+5 Stlth+}
   (You found it on level 5 of the Dungeon)

   It poisons the flesh of those it strikes.
   Dex:       It affects your dexterity (+5).
   rF:        It protects you from fire.
   rPois:     It protects you from poison.
   Stlth:     It makes you more stealthy.
 C - a +0 war axe
Missiles
 d - 18 arrows
 l - a throwing net
 o - 41 poisoned darts (quivered)
 u - 4 curare-tipped darts
 y - 49 stones
Armour
 e - a +0 chain mail (worn)
 f - a +1 ring mail
 i - a scarf of repulsion (worn)
 n - a +0 cloak
 z - a +2 kite shield
 A - a scarf of resistance
Jewellery
 p - a ring of protection from cold
 t - a ring of willpower (left hand)
 v - a ring of see invisible (right hand)
 B - an amulet of the acrobat (around neck)
 G - a ring of flight
Scrolls
 j - a scroll of magic mapping
 q - a scroll of immolation {unknown}
 x - 2 scrolls of noise {unknown}
 F - a scroll of silence {unknown}
 H - a scroll of brand weapon
 J - a scroll of teleportation {unknown}
 K - a scroll of summoning {unknown}
Potions
 w - a potion of curing
 D - a potion of heal wounds
 E - a potion of resistance
 I - 2 potions of flight


   Skills:
 - Level 3.8 Fighting
 - Level 4.5(6.2) Axes
 - Level 3.8(4.9) Maces & Flails
 - Level 5.3(6.1) Polearms
 - Level 0.7 Armour
 - Level 3.9 Dodging
 - Level 3.1 Stealth
 + Level 1.7 Shields
 - Level 1.0 Spellcasting
 - Level 4.0 Conjurations
 - Level 5.0 Earth Magic


You had 6 spell levels left.
You knew the following spells:

 Your Spells              Type           Power      Damage    Failure   Level
a - Sandblast             Erth           24%        2d8       71%         1
b - Stone Arrow           Conj/Erth      22%        3d8       99%         3

Your spell library contained the following spells:

 Spells                   Type           Power      Damage    Failure   Level
 Passwall                 Tmut/Erth      5%         N/A       99%         2
 Pain                     Necr           0%         1d4       100%        1
 Agony                    Necr           0%         N/A       100%        5
 Excruciating Wounds      Necr           0%         N/A       100%        5


Dungeon Overview and Level Annotations

Branches:
Dungeon (6/15)             Temple (0/1) D:6

Altars:
Elyvilon
Fedhas
Hepliaklqana
Okawaru
Qazlal

Shops:
D:4 *=[   D:5 !


Message History

You hear the rapid hiss of a very distant avalanche of sand.
o - 41 poisoned darts (gained 1)
Things that are here:
a +0 dagger; a +0 robe; the elf corpse of Dowan An ogre comes into view.
It is wielding a +0 giant club.
The ogre shouts!
You hear a shout!
You start removing your armour.
You continue taking off your +1 ring mail. x4
You finish taking off your +1 ring mail.
You start putting on your armour.
You continue putting on your +0 chain mail.
The ogre closely misses you.
Keep equipping yourself? [Y]es or [N]o only, please.
Keep equipping yourself?
You continue putting on your +0 chain mail.
The ogre hits you with a +0 giant club!!
You continue putting on your +0 chain mail.
Mettia hits the ogre with a +0 flail.
The ogre misses you.
You continue putting on your +0 chain mail.
Mettia hits the ogre with a +0 flail!
You continue putting on your +0 chain mail.
The ogre barely misses Mettia.
Mettia hits the ogre with a +0 flail.
You finish putting on your +0 chain mail.
Unknown command.
You barely miss the ogre.
The ogre is heavily wounded.
The ogre hits you with a +0 giant club!!
Ouch! That really hurt!
* * * LOW HITPOINT WARNING * * *
Mettia hits the ogre with a +0 flail!
You feel much better.
Mettia hits the ogre with a +0 flail!
The ogre dies!
Your Shields skill increases to level 1!
Your chain mail prevents you from hitting the ogre.
Mettia closely misses the ogre.
You hit the ogre. You freeze the ogre.
The ogre is lightly wounded.
The ogre hits you with a +0 giant spiked club!!
You die...

***,*,** *,######.# #.#)# #.
*,,,,** *,.......#####.#.###.
**,***,*********#.......#.....
*,** **,* #..###.######. *,*
*,* ####..# #........ *,**
**,* #)...†# #.####.#.
**,***,,* ##.###.#*#..,.....
**,,,#.#####R).##.#>.......#.
**,,......O@#....#,#.######.
***#.#####....###>#.# ## *,*
##....##.#,* # *,* #.......#,*
*,* #....####,* *,*
#[......#,* ***** *,*
###.###.#,* *,,,, *,* #.#
*,#,* *,*** *,* #.# *,*,* *,*


You could see the friendly Mettia the knight and an ogre (ally target).

Vanquished Creatures
  Sigmund (D:2)
  Duvessa (D:6)
  An ogre (D:6)
  Blork the orc (D:6)
  A scorpion (D:5)
  A howler monkey (D:4)
  A hound (D:6)
  Crazy Yiuf (D:2)
  An orc priest (D:4)
  Natasha (D:2)
  A bullfrog skeleton (D:5)
  An iguana (D:3)
  5 gnolls
  3 adders
  A worm (D:3)
  3 dart slugs
  3 orcs
  6 ball pythons
  10 bats
  2 endoplasms
  3 giant cockroaches (D:3)
  4 hobgoblins
  2 quokkas (D:1)
  3 frilled lizards
  A kobold (D:1)
  2 rats
60 creatures vanquished.

Vanquished Creatures (collateral kills)
  A shadow (D:5)
  Eustachio (D:5)
  An ice beast (D:5)
  A necrophage (D:4)
  2 ogres
  Dowan (D:6)
  A bullfrog zombie (D:5)
  An orc priest (D:4)
  3 jellies
  An iguana (D:5)
  Natasha (twice) (D:2)
  4 adders
  6 gnolls
  A white imp (D:4)
  An ufetubus (D:5)
  2 orcs (D:4)
  An endoplasm (D:2)
  A giant cockroach (D:1)
  A goblin (D:2)
  A quokka (D:4)
  A kobold (D:2)
  A rat (D:2)
35 creatures vanquished.

Vanquished Creatures (others)
  An ancestor (D:2)
  2 fungi (D:1)
  5 plants
8 creatures vanquished.

Grand Total: 103 creatures vanquished

Notes
Turn   | Place    | Note
-------+----------+-------------------------------------------
     0 | D:1      | croobank the Human Monk began the quest for the Orb.
     0 | D:1      | Reached XP level 1. HP: 18/18 MP: 1/1
   118 | D:1      | Reached XP level 2. HP: 8/24 MP: 2/2
   445 | D:1      | Found a faded altar of an unknown god.
   462 | D:1      | Prayed at the altar of an unknown god.
   462 | D:1      | Became a worshipper of Hepliaklqana the Forgotten
   462 | D:1      | Reached * piety under Hepliaklqana
   462 | D:1      | Reached ** piety under Hepliaklqana
   771 | D:1      | Reached *** piety under Hepliaklqana
   947 | D:1      | Reached XP level 3. HP: 23/26 MP: 3/3
  1429 | D:2      | Noticed Sigmund
  1441 | D:2      | Killed Sigmund
  1442 | D:2      | Reached XP level 4. HP: 3/33 MP: 4/4
  1442 | D:2      | Reached XP level 5. HP: 4/37 MP: 5/5
  1767 | D:2      | Found a runed translucent door.
  1768 | D:2      | Noticed Crazy Yiuf
  1778 | D:2      | Killed Crazy Yiuf
  1779 | D:2      | Reached XP level 6. HP: 35/43 MP: 6/6
  2050 | D:2      | Noticed Natasha
  2066 | D:2      | Killed Natasha
  2067 | D:2      | Reached skill level 1 in Maces & Flails
  2302 | D:2      | Noticed Natasha
  2309 | D:2      | Killed Natasha
  2316 | D:2      | Noticed Natasha
  2331 | D:2      | Killed Natasha
  3007 | D:3      | Found an iron altar of Okawaru.
  3025 | D:3      | Found a stormy altar of Qazlal.
  3379 | D:3      | Reached **** piety under Hepliaklqana
  3409 | D:3      | Found a hazy altar of Hepliaklqana.
  3452 | D:3      | Learned a level 1 spell: Sandblast
  3518 | D:3      | Reached XP level 7. HP: 31/47 MP: 7/7
  3518 | D:3      | Remembered your ancestor Mettia as a knight
  4061 | D:4      | Reached skill level 1 in Earth Magic
  4205 | D:4      | Found Yrphinonwu's Jewellery Shoppe.
  4209 | D:4      | Bought a ring of see invisible for 150 gold pieces
  4245 | D:4      | Found a white marble altar of Elyvilon.
  4275 | D:4      | Reached skill level 1 in Spellcasting
  4586 | D:4      | Found Bapur's Antique Armour Emporium.
  4628 | D:4      | Found Gyoqoj's Elemental Accessories.
  4907 | D:5      | Entered Level 5 of the Dungeon
  4924 | D:5      | Noticed a shadow
  4937 | D:5      | Killed a shadow
  4938 | D:5      | Reached XP level 8. HP: 25/54 MP: 9/9
  5107 | D:5      | Found a blossoming altar of Fedhas.
  5280 | D:5      | Reached skill level 5 in Earth Magic
  5284 | D:5      | Learned a level 3 spell: Stone Arrow
  5382 | D:5      | Noticed Eustachio
  5447 | D:5      | Killed Eustachio
  5656 | D:5      | Found Ykaradunn's Distillery.
  5672 | D:5      | Identified the +6 spear "Doodawk" {venom, rPois rF+ Dex+5
                  | Stlth+}
  5677 | D:5      | Bought a potion of curing for 39 gold pieces
  5760 | D:5      | Reached skill level 1 in Polearms
  5772 | D:5      | Reached ***** piety under Hepliaklqana
  5907 | D:6      | Noticed Blork the orc
  5917 | D:6      | Killed Blork the orc
  5918 | D:6      | Reached XP level 9. HP: 45/58 MP: 10/10
  6261 | D:6      | Noticed Duvessa
  6261 | D:6      | Noticed Dowan
  6278 | D:6      | Killed Duvessa
  6279 | D:6      | Reached skill level 5 in Polearms
  6285 | D:6      | Killed Dowan
  6480 | D:6      | HP: 2/58 [ogre (30)]
  6482 | D:6      | Reached skill level 1 in Shields
  6483 | D:6      | Slain by an ogre

Illustrated notes

Levels and vault maps discovered:
D:1:      minmay_arrival_diagonal_passages, layout_loops_ring,
          shapermc_ecumenical_altar_mp_urbaneastern
D:2:      layout_loops_ring, uniq_natasha, uniq_sigmund, uniq_crazy_yiuf_cottage
D:3:      layout_loops_corners, mainiacjoe_overflow_large_starburst,
          mainiacjoe_overflow_brackets, patterned_corridor
D:4:      layout_basic, elyvilon_altar_4, serial_shops,
          nicolae_shop_overgrown_old_shop, shop, minmay_misc_feat_tower,
          roderic_roman_lattice, minivault_23, nicolae_elemental_shop,
          due_unseen_surprise
D:5:      layout_basic, lemuel_crystal_altar, serial_shops,
          nicolae_shop_waterfront, uniq_eustachio
D:6:      layout_loops_ring, temple_green, serial_shops, nicolae_shop_stone,
          gup_ossuary_entry_pyramid, uniq_pikel, uniq_blork_the_orc,
          uniq_duvessa

Skill      XL: |  1  2  3  4  5  6  7  8  9 |
---------------+----------------------------+-----
Axes           | 4 |  4.5
Stealth        | 3 |  3.1
Maces & Flails | 3 |  3.8
Earth Magic    | 4 5 |  5.0
Spellcasting   | 1 |  1.0
Conjurations   | 4 |  4.0
Polearms       | 2 5 |  5.3
Shields        | 1 |  1.7
Fighting       | |  3.8
Armour         | |  0.7
Dodging        | |  3.9

Action                   |  1- 3 |  4- 6 |  7- 9 || total
-------------------------+-------+-------+-------++-------
Melee: Hand axe          |    97 |    91 |   143 ||   331
 Fire: Hunting sling     |       |       |     6 ||     6
Throw: Dart              |       |     3 |    10 ||    13
 Cast: Sandblast         |       |       |     9 ||     9
Invok: Ancestor Identity |       |     1 |       ||     1
       Ancestor Life: Kn |       |       |     1 ||     1
  Use: Scroll            |     2 |     2 |     9 ||    13
       Potion            |       |       |     3 ||     3
 Stab: Sleeping          |     4 |       |     3 ||     7
       Fleeing           |       |       |     1 ||     1
Armor: Robe              |    14 |       |       ||    14
       Ring mail         |     4 |    33 |    45 ||    82
Dodge: Dodged            |    61 |    57 |   103 ||   221
       Repelled          |       |       |     1 ||     1

Table legend: (Time is in decaauts)
 A = Elapsed time spent in this place.
 B = Non-inter-level travel time spent in this place.
 C = Inter-level travel time spent in this place.
 D = Time resting spent in this place.
 E = Time spent auto-exploring this place.
 F = Levels seen in this place.
 G = Mean time per level.
                   A        B        C        D        E       F      G
               +--------+--------+--------+--------+--------+-----+--------+
         Total |   6493 |   6397 |     96 |    666 |   4335 |   6 | 1082.2 |
       Dungeon |   6493 |   6397 |     96 |    666 |   4335 |   6 | 1082.2 |
               +--------+--------+--------+--------+--------+-----+--------+

Top non-repeatable levels by time:
     D:2: 1618 daAuts
     D:1: 1214 daAuts
     D:3: 1171 daAuts
     D:5: 995 daAuts
     D:4: 910 daAuts
     D:6: 584 daAuts
